AoeStats
← universal

Yucatan

510450817Analyzed
2v2 RM · 1d ago on Oct 1, 2026· 21m 53s· 4 players
Game mode
Random Map
Map size
Medium (4 player)
Population
200
Speed
Normal
Resources
Standard
Victory
Conquest
Starting age
Dark Age
Ending age
Imperial Age
RankedLock teamsTeams togetherTeam positionsShared explorationLock speedFull tech treeHidden civsTurbo modeCheats
Victory
Defeat
🇨🇴 Vietnamese · Colombia
764
+10
🇨🇴 Sicilians · Colombia
377
+26
🇦🇷 Byzantines · Argentina
610
-18
🇦🇷 Varangians · Argentina
605
-18
universal
11:12 Feudal Age
13:14 Feudal Age
13:19 Feudal Age
14:13 Horse Collar
14:21 Double-Bit Axe
20:54 Scale Mail Armor
20:43 Arson
ozzymandias15
0:59 Loom
15:50 Feudal Age
17:13 Double-Bit Axe
18:14 Wheelbarrow
17:25 Horse Collar
20:16 Castle Age
19:20 Fletching
19:31 Padded Archer Armor
21:23 Bow Saw
21:53 Hand Cart
21:09 Crossbowman
MrSpawn143
11:48 Feudal Age
13:08 Double-Bit Axe
19:15 Castle Age
19:17 Padded Archer Armor
19:21 Scale Mail Armor
20:37 Man-at-Arms
=Kamarachen™=
12:16 Feudal Age
13:27 Horse Collar
13:36 Double-Bit Axe
20:07 Castle Age
Connection lost

Rejoining the realm…

Still unreachable

The connection could not be restored.

Session expired

The server has moved on; the page needs a fresh start.